 Dungeon Crawl Stone Soup version 0.19.0-11-g3fc08b3 (webtiles) character file.

58 Otomara the Digger (level 4, -2/36 HPs)
             Began as a Gargoyle Earth Elementalist on Nov 8, 2016.
             Slain by an iguana (8 damage)
             ... on level 4 of the Dungeon.
             The game lasted 00:04:51 (2107 turns).

Otomara the Digger (Gargoyle Earth Elementalist)    Turns: 2107, Time: 00:04:52

Health: -2/36      AC: 22    Str: 11    XL:     4   Next: 2%
Magic:  1/8        EV:  2    Int: 17    God:
Gold:   121        SH:  0    Dex: 15    Spells: 2 memorised, 5 levels left

rFire  . . .     SeeInvis .     h - +1 spear
rCold  . . .     Gourm    .     (armour currently unavailable)
rNeg   + + +     Faith    .     (no shield)
rPois  ∞         Spirit   .     (helmet currently unavailable)
rElec  .         Reflect  .     (cloak currently unavailable)
rCorr  .         Harm     .     (gloves currently unavailable)
MR     .....     NoTele   +     (boots currently unavailable)
Stlth  +++.......               (no amulet)
                                (no ring)
                                (no ring)

@: agile, tree-form (expiring)
A: negative energy resistance 1, (electricity resistance), (unbreathing),
petrification resistance, rot immunity, AC +3
a: no special abilities


You were on level 4 of the Dungeon.
You were not hungry.
You were a tree.
You visited 1 branch of the dungeon, and saw 3 of its levels.

You collected 121 gold pieces.

Inventory:

Hand Weapons
 g - a +0 dagger
 h - a +1 spear (weapon)
 i - a +0 club
 k - a cursed -1 short sword
 q - a +0 short sword
Armour
 c - a +1 robe (melded)
Scrolls
 n - a scroll of amnesia
Potions
 l - a potion of resistance {unknown}
 m - a potion of flight {unknown}
Books
 e - a book of Geomancy

   Spells                             Type                      Level
   a - Sandblast                      Earth                        1
   b - Passwall                       Transmutation/Earth          2
   c - Stone Arrow                    Conjuration/Earth            3
   d - Petrify                        Transmutation/Earth          4
   e - Lee's Rapid Deconstruction     Earth                        5
Comestibles
 d - a bread ration
 f - 2 chunks of flesh
 j - a slice of pizza


   Skills:
 - Level 1.5 Dodging
 - Level 2.1 Stealth
 * Level 3.3 Spellcasting
 + Level 0.7 Conjurations
   Level 0.7 Transmutations
 + Level 4.3 Earth Magic


You had 5 spell levels left.
You knew the following spells:

 Your Spells              Type           Power        Failure   Level  Hunger
a - Sandblast             Erth           ###...       2%          1    None
b - Stone Arrow           Conj/Erth      ##....       21%         3    ###....


Dungeon Overview and Level Annotations

Branches:
Dungeon (2/15)

Altars:
Makhleb


Innate Abilities, Weirdness & Mutations

You are resistant to torment.
((Your stone body is resilient. (AC +3)))
You are immune to poison.
You resist negative energy. (rN+)
((You are resistant to electric shocks. (rElec)))
((You can survive without breathing.))
You are immune to petrification.
You are immune to rotting.


Message History

You hit the iguana.
The iguana is almost dead.
The iguana bites you.
* * * LOW HITPOINT WARNING * * *
You hit the iguana but do no damage.
The iguana is almost dead.
The iguana hisses menacingly.
The iguana bites you but does no damage.
You hit the iguana.
The iguana is almost dead.
Your transformation is almost over.
The iguana bites you.
* * * LOW HITPOINT WARNING * * *
You feel agile all of a sudden.
The iguana bites you but does no damage.
You barely miss the iguana.
The iguana is almost dead.
The iguana bites you but does no damage.
The iguana bites you!
You die...

######+#... ########.........#
#................#
#................#
#................+ #+ #...
#................##+###..##...
#............l........#.......
#............♣........#.......
#.....................#.......
#.....................#.......
#.....................#..##...
#.....................#..##...
#.....................#..#....
#...........#####.....#..#....
#...........# #.....#..#....
#...........# #.....#..#....


You could see an iguana.

Vanquished Creatures
  An adder (D:2)
  2 dart slugs (D:1)
  A leopard gecko (D:1)
  An orc (D:4)
  A giant cockroach (D:1)
  5 goblins
  6 hobgoblins
  6 jackals (D:1)
  8 bats
  2 frilled lizards
  3 kobolds
  3 rats
39 creatures vanquished.

Notes
Turn   | Place    | Note
-------+----------+-------------------------------------------
     0 | D:1      | Otomara the Gargoyle Earth Elementalist began the quest for the Orb.
     0 | D:1      | Reached XP level 1. HP: 10/10 MP: 3/3
    54 | D:1      | Reached XP level 2. HP: 15/15 MP: 0/5
   946 | D:1      | Reached skill level 4 in Earth Magic
  1017 | D:1      | Reached XP level 3. HP: 7/19 MP: 5/7
  1022 | D:1      | Learned a level 3 spell: Stone Arrow
  1549 | D:2      | Found a faded altar of an unknown god.
  1680 | D:2      | Found a burning altar of Makhleb.
  1907 | D:2      | You fall through a shaft for 2 floors!
  1958 | D:4      | Reached XP level 4. HP: 24/24 MP: 0/8
  2107 | D:4      | Slain by an iguana

Skill      XL: |  1  2  3 |
---------------+----------+-----
Earth Magic    | 4 |  4.3
Spellcasting   | 3 |  3.3
Dodging        | |  1.5
Stealth        | |  2.1
Conjurations   | |  0.7
Transmutations | |  0.7

Action                   |  1- 3 |  4- 6 || total
-------------------------+-------+-------++-------
Melee: Spear             |   146 |    17 ||   163
 Cast: Sandblast         |    21 |    11 ||    32
  Use: Scroll            |    10 |       ||    10
       Potion            |       |     2 ||     2
 Stab: Sleeping          |     2 |       ||     2
       Distracted        |     1 |       ||     1
  Eat: Chunk             |     4 |       ||     4
Armor: Robe              |    52 |     1 ||    53
       Skin              |       |    15 ||    15
Dodge: Dodged            |    97 |     7 ||   104
